 Dungeon Crawl Stone Soup version 0.32-a0-391-gce5c0aab1b (webtiles) character file.

Game seed: 8694751619232629654

3533 Bravepunisher the Nimble (level 9, -2/50 HPs)
             Began as a Spriggan Shapeshifter on Feb 19, 2024.
             Was a High Priest of Okawaru.
             Succumbed to a hornet's poison
             ... on level 7 of the Dungeon.
             The game lasted 00:28:59 (5931 turns).

Bravepunisher the Nimble (Spriggan Shapeshifter)    Turns: 5931, Time: 00:29:00

Health: -2/50      AC:  2    Str: 14    XL:     9   Next: 82%
Magic:  14/14      EV: 21    Int: 15    God:    Okawaru [*****.]
Gold:   272        SH:  0    Dex: 14    Spells: 8/8 levels left

rFire   x . .        b - +8 eveningstar of Hetat {heavy, Int+3 SInv}
rCold   . . .        (no shield)
rNeg    + + .        z - +0 robe
rPois   .            (helmet currently unavailable)
rElec   +            s - melded +1 cloak
rCorr   .            (gloves unavailable)
SInv    +            (boots unavailable)
Will    +....        v - amulet of magic regeneration Stlth
                     j - ring "Gux Gunuer" {rElec rF- rN+ Slay+4 Stlth-}
HPRegen 0.28/turn    A - ring of positive energy
MPRegen 0.54/turn

%: no passive effects
@: lethally poisoned (-2 -> -30), beast-form, slowed, quick
A: beast (slay +4), very small, no large weapons, unfitting armour, see
invisible, speed 3
a: Begin Untransformation, Renounce Religion, Heroism, Finesse, Duel


You were on level 7 of the Dungeon.
You worshipped Okawaru.
Okawaru was extremely pleased with you.
You were a hulking beast.
You visited 1 branch of the dungeon, and saw 7 of its levels.

You collected 272 gold pieces.

Inventory:

Hand Weapons
 a - the +5 sling "Futaes" {speed, rC+++ Str+4 Dex-2}
   (You found it on level 4 of the Dungeon)

   Str+4:     It affects your strength (+4).
   Dex-2:     It affects your dexterity (-2).
   rC+++:     It renders you almost immune to cold.
 b - the +8 eveningstar of Hetat (weapon) {heavy, Int+3 SInv}
   (You found it on level 6 of the Dungeon)

   Int+3:     It affects your intelligence (+3).
   SInv:      It lets you see invisible.
Missiles
 m - 67 stones (quivered)
Armour
 s - a +1 cloak (melded)
 z - a +0 robe (worn)
Jewellery
 j - the ring "Gux Gunuer" (left hand) {rElec rF- rN+ Slay+4 Stlth-}
   (You found it on level 2 of the Dungeon)

   [ring of positive energy]

   Slay+4:    It affects your accuracy & damage with ranged weapons and melee
   (+4).
   rF-:       It makes you vulnerable to fire.
   rElec:     It insulates you from electricity.
   rN+:       It protects you from negative energy.
   Stlth-:    It makes you less stealthy.
 v - an amulet of magic regeneration (around neck)
 A - a ring of positive energy (right hand)
Talismans
 c - a beast talisman (active)
 d - a flux talisman
Wands
 i - a wand of flame (27)
 C - a wand of polymorph (12)
Scrolls
 e - 3 scrolls of revelation {unknown}
 g - a scroll of fear {unknown}
 h - a scroll of noise {unknown}
 k - 7 scrolls of identify {unknown}
 n - a scroll of blinking {unknown}
 q - a scroll of enchant weapon {unknown}
 t - 3 scrolls of enchant armour {unknown}
 w - a scroll of fog {unknown}
 x - a scroll of poison {unknown}
 y - a scroll of amnesia {unknown}
 B - a scroll of torment {unknown}
 F - a scroll of acquirement {unknown}
Potions
 f - a potion of enlightenment {unknown}
 l - 2 potions of lignification
 o - a potion of magic
 p - 2 potions of haste {unknown}
 r - a potion of attraction
 u - a potion of mutation {unknown}
 D - a potion of brilliance {unknown}
 E - a potion of curing {unknown}
 G - 2 potions of cancellation {unknown}


   Skills:
 * Level 7.3 Fighting
 + Level 2.3 Maces & Flails
 - Level 3.2 Ranged Weapons
 + Level 8.4 Dodging
 - Level 2.4 Unarmed Combat
 + Level 5.8 Invocations
 - Level 7.2 Shapeshifting


You had 8 spell levels left.
You didn't know any spells.
Your spell library contained the following spells:

 Spells                   Type           Power      Damage    Failure   Level
 Kiss of Death            Conj/Necr      0%         2d5       26%         1
 Magic Dart               Conj           0%         1d3       26%         1
 Shock                    Conj/Air       0%         1d3       26%         1
 Blink                    Tloc           0%         N/A       38%         2
 Lesser Beckoning         Tloc           0%         N/A       38%         2
 Momentum Strike          Conj/Tloc      0%         3d8       38%         2
 Searing Ray              Conj           0%         2d4       38%         2
 Swiftness                Air            0%         N/A       63%         3
 Airstrike                Air            0%         2d(0-16)  95%         4
 Fulminant Prism          Conj/Alch      0%         3d5       95%         4
 Conjure Ball Lightning   Conj/Air       0%         3x3d6     100%        6
 Infestation              Necr           Unusable   N/A       N/A         8

Dungeon Overview and Level Annotations

Branches:
Dungeon (7/15)
 Temple: D:4-7

Altars:
Dithmenos
Fedhas
Gozag
Makhleb
Okawaru
Uskayaw
Xom
The Shining One

Shops:
D:4 *   D:5 (

Annotations:
D:3 2 transporters, zenocrate's ghost, weakling SpDe


Innate Abilities, Weirdness & Mutations

You are a hulking beast.
Your limbs bulge with bestial killing power. (Slay +4)
You are very small and have problems with some larger weapons.
You are too small for most types of armour.
You have supernaturally acute eyesight. (SInv)
You cover ground extremely quickly. (Speed+++)


Message History

Aim: a hornet (62% to hit)
You shoot a sling bullet. The sling bullet hits the hornet.
The hornet is lightly wounded.
Fire: a) +5 sling "Futaes" {speed, rC+++ Str+4 Dex-2}
Press: ? - help, Q - select action, (/) - cycle Shift-Dir - straight line, f/p - hornet
Aim: a hornet (lightly wounded, 62% to hit)
You shoot a sling bullet.
The sling bullet completely misses the hornet.
The hornet completely misses you.
You feel clever.
b - the +8 eveningstar of Hetat (weapon)
{heavy, Int+3 SInv} You miss the hornet.
The hornet is lightly wounded.
The hornet stings you!
You feel yourself slow down. The hornet completely misses you.
The hornet closely misses you.
Unknown command.
You sock the hornet!
The hornet is moderately wounded.
The hornet barely misses you. The hornet closely misses you.
The hornet misses you. The hornet barely misses you. The hornet stings you!
You are poisoned.
You feel as though you will be slow longer.
Unknown command.
You puncture the hornet!
The hornet is severely wounded.
You feel very sick. The hornet stings you!
You are more poisoned.
You feel as though you will be slow longer.
The hornet stings you.
* * * LOW HITPOINT WARNING * * *
You are more poisoned.
You feel as though you will be slow longer.
The hornet completely misses you.
The hornet stings you but does no damage.
The hornet barely misses you.
You bludgeon the hornet!!
You kill the hornet!
Okawaru is honoured by your kill.
You die...

.......## ........##
.....# .........##
.....#. ..........#
....... ..........#
....... ..........#
......# ..........#
###......# ......>..##
#.#.....# .........#
##.h....# .........#
##..[....# ........##
##.........# ........#
#...........#
.......##
##........##..
......## #..........#
.
.......####..........#
.....#...............#
....#######...##....##


There were no monsters in sight!

Vanquished Creatures
  Pikel (D:5)
  A hornet (D:7)
  Sigmund (D:5)
  2 water moccasins
  An ice beast (D:7)
  Duvessa (D:6)
  2 orc warriors (D:6)
  2 sky beasts
  A black bear (D:5)
  6 ogres
  A phantom (D:5)
  A bullfrog (D:7)
  A kobold brigand (D:6)
  3 scorpions
  Dowan (D:6)
  4 howler monkeys
  2 bombardier beetles (D:6)
  A crimson imp (D:5)
  3 jellies
  2 hounds (D:4)
  A gnoll bouda (D:5)
  3 orc priests
  5 sleepcaps
  Crazy Yiuf (D:2)
  2 iguanas
  4 orc wizards
  7 gnolls
  3 adders
  2 white imps (D:6)
  5 ufetubi
  A ribbon worm (D:4)
  3 dart slugs (D:1)
  15 orcs
  A bat (D:3)
  4 endoplasms
  5 giant cockroaches (D:3)
  8 goblins
  7 hobgoblins
  3 quokkas
  3 ball pythons
  A frilled lizard (D:2)
  8 kobolds
  6 rats
135 creatures vanquished.

Notes
Turn   | Place    | Note
-------+----------+-------------------------------------------
     0 | D:1      | Bravepunisher the Spriggan Shapeshifter began the quest for
                  | the Orb.
     0 | D:1      | Reached XP level 1. HP: 9/9 MP: 2/2
    72 | D:3      | Reached skill level 1 in Fighting
   101 | D:5      | Entered Level 5 of the Dungeon
   101 | D:5      | Noticed an orc priest
   102 | D:5      | Noticed an orc priest
   128 | D:4      | Found Qifem's General Store.
   130 | D:4      | Noticed an orc wizard
   139 | D:4      | Found a shadowy altar of Dithmenos.
   154 | D:4      | Identified the +5 sling "Futaes" {speed, rC+++ Str+4 Dex-2}
   185 | D:5      | Noticed a gnoll bouda
   213 | D:6      | Noticed a scorpion
   218 | D:6      | Noticed a jelly
   288 | D:6      | Found an opulent altar of Gozag.
   288 | D:6      | Found an iron altar of Okawaru.
   289 | D:6      | Found a glowing golden altar of the Shining One.
   297 | D:6      | Became a worshipper of Warmaster Okawaru
   311 | D:6      | Reached skill level 3 in Dodging
   311 | D:6      | Reached XP level 2. HP: 10/14 MP: 3/3
   314 | D:6      | Killed a scorpion
   315 | D:6      | Reached skill level 1 in Invocations
   315 | D:6      | Reached XP level 3. HP: 14/18 MP: 4/4
   315 | D:6      | Reached XP level 4. HP: 18/23 MP: 5/5
   408 | D:2      | Identified the ring "Gux Gunuer" {rElec rF- rN+ Slay+4
                  | Stlth-}
  1612 | D:2      | Identified the +3 spear of the Uplifting Saviour {holy,
                  | +Blink Stlth+}
  1785 | D:2      | Reached skill level 4 in Dodging
  1785 | D:2      | Reached XP level 5. HP: 27/27 MP: 7/7
  1976 | D:2      | Found a runed translucent door.
  1977 | D:2      | Noticed Crazy Yiuf
  1994 | D:2      | Killed Crazy Yiuf
  2074 | D:2      | Found a faded altar of an unknown god.
  2116 | D:3      | Reached * piety under Okawaru
  2117 | D:3      | Reached skill level 5 in Shapeshifting
  2153 | D:3      | Found a hide-covered altar of Uskayaw.
  2290 | D:3      | Found a transporter.
  2291 | D:3      | Found a transporter.
  2291 | D:3      | Noticed zenocrate's ghost (weakling SpDe)
  2419 | D:3      | Found a blossoming altar of Fedhas.
  2664 | D:4      | Reached XP level 6. HP: 32/32 MP: 8/8
  2677 | D:4      | Got Temoy's Tractate on the Sixfirhy and the Charnel House
  2805 | D:4      | Reached skill level 5 in Dodging
  3473 | D:5      | Reached XP level 7. HP: 30/37 MP: 10/10
  3537 | D:5      | Reached ** piety under Okawaru
  3789 | D:5      | Found a shimmering altar of Xom.
  3789 | D:5      | Found a burning altar of Makhleb.
  3839 | D:5      | Reached skill level 1 in Ranged Weapons
  3945 | D:5      | Noticed Sigmund
  3961 | D:5      | Reached skill level 6 in Dodging
  3961 | D:5      | Reached XP level 8. HP: 42/42 MP: 11/11
  3969 | D:5      | Killed Sigmund
  3969 | D:5      | Reached *** piety under Okawaru
  3970 | D:5      | Reached skill level 5 in Fighting
  4231 | D:5      | Found Jozipru's Weapon Emporium.
  4375 | D:5      | Noticed Pikel
  4419 | D:5      | Killed Pikel
  4419 | D:5      | Reached **** piety under Okawaru
  4420 | D:5      | Reached skill level 7 in Dodging
  4420 | D:5      | Reached XP level 9. HP: 38/48 MP: 13/13
  4557 | D:6      | Identified the +8 eveningstar of Hetat {heavy, Int+3 SInv}
  5001 | D:6      | Noticed Dowan
  5082 | D:6      | Noticed Duvessa
  5088 | D:6      | Killed Duvessa
  5089 | D:6      | Reached skill level 5 in Invocations
  5256 | D:6      | Reached skill level 1 in Maces & Flails
  5370 | D:6      | Reached skill level 8 in Dodging
  5464 | D:6      | Killed Dowan
  5632 | D:7      | Reached ***** piety under Okawaru
  5931 | D:7      | Succumbed to a hornet's poison

Illustrated notes

Levels and vault maps discovered:
D:1:      dpeg_arrival_more_subterranean_lakeside_camping, layout_basic,
          minivault_5
D:2:      layout_rooms, dilly_ecumenical_altar_fadedgnrine,
          uniq_crazy_yiuf_cottage
D:3:      layout_rooms, mainiacjoe_overflow_cross_hatched,
          mainiacjoe_overflow_surrounded_room, gammafunk_ghost_arena,
          portal_sewer_entry_f, kennysheep_path_1, st_stairs_7
D:4:      layout_cave_pods, general_overflow_altar, serial_shops,
          nicolae_shop_tiny_glass
D:5:      layout_basic, grunt_temple_overflow_champion_of_chaos, serial_shops,
          kennysheep_mini, uniq_pikel, uniq_sigmund
D:6:      minmay_octagon_keep, layout_basic, gammafunk_temple_overflow_claw,
          uniq_duvessa
D:7:      layout_cave_pods, minmay_temple_entry_nine_rooms,
          gammafunk_ghost_smash, grunt_decor_clamped

Skill      XL: |  1  2  3  4  5  6  7  8  9 |
---------------+----------------------------+-----
Fighting       | 1 2 3 4 5 7 |  7.3
Dodging        | 3 4 5 6 7 8 |  8.4
Invocations    | 1 2 3 4 5 |  5.8
Shapeshifting  | 5 6 7 |  7.2
Ranged Weapons | 1 3 |  3.2
Maces & Flails | 2 |  2.3
Unarmed Combat | |  2.4

Action                     |  1- 3 |  4- 6 |  7- 9 || total
---------------------------+-------+-------+-------++-------
  Melee: Unarmed           |    12 |    48 |       ||    60
         Spear             |       |     7 |       ||     7
         Punch             |       |     2 |       ||     2
         Mace              |       |    75 |    34 ||   109
         Eveningstar       |       |       |    41 ||    41
   Fire: Sling             |       |    19 |   130 ||   149
  Throw: Stone             |       |       |     8 ||     8
 Invoke: Heroism           |       |       |     1 ||     1
Ability: Begin Untransform |     1 |     2 |       ||     3
  Evoke: Wand              |     3 |     6 |     3 ||    12
    Use: Potion            |       |       |     4 ||     4
   Stab: Invisible         |       |       |     1 ||     1
 Armour: Animal skin       |     9 |    27 |       ||    36
         Robe              |       |    11 |    40 ||    51
  Dodge: Dodged            |     7 |   109 |   124 ||   240
   Form: Beast             |     1 |     2 |       ||     3

Table legend: (Time is in decaauts)
 A = Elapsed time spent in this place.
 B = Non-inter-level travel time spent in this place.
 C = Inter-level travel time spent in this place.
 D = Time resting spent in this place.
 E = Time spent auto-exploring this place.
 F = Levels seen in this place.
 G = Mean time per level.
                   A        B        C        D        E       F      G
               +--------+--------+--------+--------+--------+-----+--------+
         Total |   4092 |   3977 |    115 |     56 |   2780 |   7 |  584.6 |
       Dungeon |   4092 |   3977 |    115 |     56 |   2780 |   7 |  584.6 |
               +--------+--------+--------+--------+--------+-----+--------+

Top non-repeatable levels by time:
     D:6: 810 daAuts
     D:5: 779 daAuts
     D:1: 747 daAuts
     D:4: 672 daAuts
     D:3: 410 daAuts
     D:2: 394 daAuts
     D:7: 278 daAuts
